Workbook

Sheet READ ME
A1: Excel practice: Formula combinations (batches 1–2)
A3: From atulvij.com - free Excel function course (Beginner to Expert).
A4: 1. Go to the Practice sheet. Each row is a task using the Sales, Products, Targets, Criteria or Cashflows sheets.
A5: 2. Type your formula in the yellow 'Your formula' column. The Check column turns green when your result matches.
A6: 3. Stuck? The Answers sheet has a working formula for every task (try first!).
A7: 4. Some tasks use Excel 365 / 2021 functions (XLOOKUP, FILTER, LET, LAMBDA...). Older Excel shows #NAME? for those.
A8: Data is made up for practice; tax and interest figures are examples, not advice.

Sheet Practice
A1: Task | B1: Expected answer | C1: Your formula ✍️ | D1: Check
A2: Two-way: South target in Aug (INDEX+MATCH+MATCH) | B2: 235000 | D2: =IF(C2="","",IF(C2=B2,"✓ Correct","✗ Try again"))
A3: Two-way with nested XLOOKUP: East target in Jul | B3: 245000 | D3: =IF(C3="","",IF(C3=B3,"✓ Correct","✗ Try again"))
A4: Total of all regions in Jun (INDEX column 0) | B4: 930000 | D4: =IF(C4="","",IF(C4=B4,"✓ Correct","✗ Try again"))
A5: Running total up to row 10 of the amounts | B5: 145443 | D5: =IF(C5="","",IF(C5=B5,"✓ Correct","✗ Try again"))
A6: Running total of North up to row 20 | B6: 40479 | D6: =IF(C6="","",IF(C6=B6,"✓ Correct","✗ Try again"))
A7: How many orders Raj Traders placed up to row 50 | B7: 7 | D7: =IF(C7="","",IF(C7=B7,"✓ Correct","✗ Try again"))
A8: Largest running total with SCAN (first 10 rows) | B8: 147839 | D8: =IF(C8="","",IF(C8=B8,"✓ Correct","✗ Try again"))
A9: Rank of I2 among all amounts (largest = 1) | B9: 192 | D9: =IF(C9="","",IF(C9=B9,"✓ Correct","✗ Try again"))
A10: Rank of I2 within its own region | B10: 42 | D10: =IF(C10="","",IF(C10=B10,"✓ Correct","✗ Try again"))
A11: 2nd biggest North order (FILTER+LARGE) | B11: 31491 | D11: =IF(C11="","",IF(C11=B11,"✓ Correct","✗ Try again"))
A12: 2nd biggest North order (AGGREGATE) | B12: 31491 | D12: =IF(C12="","",IF(C12=B12,"✓ Correct","✗ Try again"))
A13: Total of the top 5 North orders | B13: 157455 | D13: =IF(C13="","",IF(C13=B13,"✓ Correct","✗ Try again"))
A14: Customer of the biggest North order | B14: Iyer Stores | D14: =IF(C14="","",IF(C14=B14,"✓ Correct","✗ Try again"))
A15: Distinct customers overall (365) | B15: 8 | D15: =IF(C15="","",IF(C15=B15,"✓ Correct","✗ Try again"))
A16: Distinct customers in North (365) | B16: 2 | D16: =IF(C16="","",IF(C16=B16,"✓ Correct","✗ Try again"))
A17: Distinct customers overall (SUMPRODUCT, any version) | B17: 8 | D17: =IF(C17="","",IF(C17=B17,"✓ Correct","✗ Try again"))
A18: Distinct products in South (SUMPRODUCT+COUNTIFS) | B18: 2 | D18: =IF(C18="","",IF(C18=B18,"✓ Correct","✗ Try again"))
A19: FY start year for 15-Feb-2027 | B19: 2026 | D19: =IF(C19="","",IF(C19=B19,"✓ Correct","✗ Try again"))
A20: FY label like FY 2026-27 for 15-Feb-2027 | B20: FY 2026-27 | D20: =IF(C20="","",IF(C20=B20,"✓ Correct","✗ Try again"))
A21: Fiscal quarter for 10-Nov-2026 | B21: Q3 | D21: =IF(C21="","",IF(C21=B21,"✓ Correct","✗ Try again"))
A22: Fiscal month number for January (April = 1) | B22: 10 | D22: =IF(C22="","",IF(C22=B22,"✓ Correct","✗ Try again"))
A23: Completed years from 10-Oct-1990 to 9-Oct-2026 | B23: 35 | D23: =IF(C23="","",IF(C23=B23,"✓ Correct","✗ Try again"))
A24: Months after whole years, 15-Jan-2020 to 3-Oct-2026 | B24: 8 | D24: =IF(C24="","",IF(C24=B24,"✓ Correct","✗ Try again"))
A25: Decimal years 1-Apr-2020 to 1-Oct-2026 (2 dp) | B25: 6.5 | D25: =IF(C25="","",IF(C25=B25,"✓ Correct","✗ Try again"))
A26: Digits only from 'INV-2026-0045' (as text) | B26: 20260045 | D26: =IF(C26="","",IF(C26=B26,"✓ Correct","✗ Try again"))
A27: Amount from 'Paid Rs 12,500 via UPI' as a number | B27: 12500 | D27: =IF(C27="","",IF(C27=B27,"✓ Correct","✗ Try again"))
A28: Last part of 'INV-2026-0045' after the final dash | B28: 0045 | D28: =IF(C28="","",IF(C28=B28,"✓ Correct","✗ Try again"))
A29: Amount of the first customer containing 'Paper' (XLOOKUP wildcard) | B29: 27990 | D29: =IF(C29="","",IF(C29=B29,"✓ Correct","✗ Try again"))
A30: Orders from customers containing 'Traders' | B30: 25 | D30: =IF(C30="","",IF(C30=B30,"✓ Correct","✗ Try again"))
A31: Total for customers starting with 'K' | B31: 2403654 | D31: =IF(C31="","",IF(C31=B31,"✓ Correct","✗ Try again"))
A32: Orders with a GSTIN from state 27 | B32: 34 | D32: =IF(C32="","",IF(C32=B32,"✓ Correct","✗ Try again"))
A33: Total sales in May 2026 (SUMIFS + EOMONTH) | B33: 1001213 | D33: =IF(C33="","",IF(C33=B33,"✓ Correct","✗ Try again"))
A34: Orders in June 2026 | B34: 30 | D34: =IF(C34="","",IF(C34=B34,"✓ Correct","✗ Try again"))
A35: North sales in July 2026 | B35: 93655 | D35: =IF(C35="","",IF(C35=B35,"✓ Correct","✗ Try again"))
A36: Customers in Sales!D also present in the Products list? (count of Products in Sales!E) | B36: 8 | D36: =IF(C36="","",IF(C36=B36,"✓ Correct","✗ Try again"))
A37: Products in the Products list with no sales | B37: 0 | D37: =IF(C37="","",IF(C37=B37,"✓ Correct","✗ Try again"))
A38: Latest order date for Raj Traders (MAXIFS) | B38: 46281 | D38: =IF(C38="","",IF(C38=B38,"✓ Correct","✗ Try again"))
A39: Amount of the last Raj Traders row (search from end) | B39: 1299 | D39: =IF(C39="","",IF(C39=B39,"✓ Correct","✗ Try again"))
A40: First name from ' asha sharma' (trimmed, proper) | B40: Asha | D40: =IF(C40="","",IF(C40=B40,"✓ Correct","✗ Try again"))
A41: Last name from 'Asha Kumari Sharma' | B41: Sharma | D41: =IF(C41="","",IF(C41=B41,"✓ Correct","✗ Try again"))
A42: Weighted average price by qty (2 dp) | B42: 3298.54 | D42: =IF(C42="","",IF(C42=B42,"✓ Correct","✗ Try again"))
A43: North's share of total sales (4 dp) | B43: 0.1391 | D43: =IF(C43="","",IF(C43=B43,"✓ Correct","✗ Try again"))
A44: % change from 200000 to 230000 | B44: 0.15 | D44: =IF(C44="","",IF(C44=B44,"✓ Correct","✗ Try again"))
A45: Days overdue on 31-Oct-2026 for due date M2 (0 if not due) | B45: 183 | D45: =IF(C45="","",IF(C45=B45,"✓ Correct","✗ Try again"))
A46: Ageing bucket for 45 days | B46: 31-60 | D46: =IF(C46="","",IF(C46=B46,"✓ Correct","✗ Try again"))
A47: Sales in the 7 days ending 30-Jun-2026 | B47: 216928 | D47: =IF(C47="","",IF(C47=B47,"✓ Correct","✗ Try again"))
A48: Customers that appear more than once (count of repeating names) | B48: 8 | D48: =IF(C48="","",IF(C48=B48,"✓ Correct","✗ Try again"))
A49: Repeat orders flagged (rows that are 2nd+ occurrence of customer+product) | B49: 200 | D49: =IF(C49="","",IF(C49=B49,"✓ Correct","✗ Try again"))
A50: 7 working days after 3-Oct-2026 (Mon–Fri) | B50: 46308 | D50: =IF(C50="","",IF(C50=B50,"✓ Correct","✗ Try again"))
A51: Working days in Oct 2026, Sunday-only weekend | B51: 27 | D51: =IF(C51="","",IF(C51=B51,"✓ Correct","✗ Try again"))

Sheet Answers
A1: Task | B1: Formula | C1: Result
A2: Two-way: South target in Aug (INDEX+MATCH+MATCH) | B2: =INDEX(Targets!B2:G5,MATCH("South",Targets!A2:A5,0),MATCH("Aug",Targets!B1:G1,0)) | C2: =INDEX(Targets!B2:G5,MATCH("South",Targets!A2:A5,0),MATCH("Aug",Targets!B1:G1,0)) -> 235000
A3: Two-way with nested XLOOKUP: East target in Jul | B3: =XLOOKUP("East",Targets!A2:A5,XLOOKUP("Jul",Targets!B1:G1,Targets!B2:G5)) | C3: {=_xlfn.XLOOKUP("East",Targets!A2:A5,_xlfn.XLOOKUP("Jul",Targets!B1:G1,Targets!B2:G5))} -> 245000
A4: Total of all regions in Jun (INDEX column 0) | B4: =SUM(INDEX(Targets!B2:G5,0,MATCH("Jun",Targets!B1:G1,0))) | C4: =SUM(INDEX(Targets!B2:G5,0,MATCH("Jun",Targets!B1:G1,0))) -> 930000
A5: Running total up to row 10 of the amounts | B5: =SUM(Sales!I2:I10) | C5: =SUM(Sales!I2:I10) -> 145443
A6: Running total of North up to row 20 | B6: =SUMIFS(Sales!I2:I20,Sales!B2:B20,"North") | C6: =SUMIFS(Sales!I2:I20,Sales!B2:B20,"North") -> 40479
A7: How many orders Raj Traders placed up to row 50 | B7: =COUNTIF(Sales!D2:D50,"Raj Traders") | C7: =COUNTIF(Sales!D2:D50,"Raj Traders") -> 7
A8: Largest running total with SCAN (first 10 rows) | B8: =MAX(SCAN(0,Sales!I2:I11,LAMBDA(t,x,t+x))) | C8: {=MAX(_xlfn.SCAN(0,Sales!I2:I11,_xlfn.LAMBDA(_xlpm.t,_xlpm.x,_xlpm.t+_xlpm.x)))} -> 147839
A9: Rank of I2 among all amounts (largest = 1) | B9: =RANK.EQ(Sales!I2,Sales!I2:I201) | C9: =_xlfn.RANK.EQ(Sales!I2,Sales!I2:I201) -> 192
A10: Rank of I2 within its own region | B10: =COUNTIFS(Sales!B2:B201,Sales!B2,Sales!I2:I201,">"&Sales!I2)+1 | C10: =COUNTIFS(Sales!B2:B201,Sales!B2,Sales!I2:I201,">"&Sales!I2)+1 -> 42
A11: 2nd biggest North order (FILTER+LARGE) | B11: =LARGE(FILTER(Sales!I2:I201,Sales!B2:B201="North"),2) | C11: {=LARGE(_xlfn._xlws.FILTER(Sales!I2:I201,Sales!B2:B201="North"),2)} -> 31491
A12: 2nd biggest North order (AGGREGATE) | B12: =AGGREGATE(14,6,Sales!I2:I201/(Sales!B2:B201="North"),2) | C12: {=_xlfn.AGGREGATE(14,6,Sales!I2:I201/(Sales!B2:B201="North"),2)} -> 31491
A13: Total of the top 5 North orders | B13: =SUM(TAKE(SORT(FILTER(Sales!I2:I201,Sales!B2:B201="North"),1,-1),5)) | C13: {=SUM(_xlfn.TAKE(_xlfn._xlws.SORT(_xlfn._xlws.FILTER(Sales!I2:I201,Sales!B2:B201="North"),1,-1),5))} -> 157455
A14: Customer of the biggest North order | B14: =INDEX(SORTBY(FILTER(Sales!D2:D201,Sales!B2:B201="North"),FILTER(Sales!I2:I201,Sales!B2:B201="North"),-1),1) | C14: {=INDEX(_xlfn.SORTBY(_xlfn._xlws.FILTER(Sales!D2:D201,Sales!B2:B201="North"),_xlfn._xlws.FILTER(Sales!I2:I201,Sales!B2:B201="North"),-1),1)} -> Iyer Stores
A15: Distinct customers overall (365) | B15: =ROWS(UNIQUE(Sales!D2:D201)) | C15: =ROWS(_xlfn.UNIQUE(Sales!D2:D201)) -> 8
A16: Distinct customers in North (365) | B16: =ROWS(UNIQUE(FILTER(Sales!D2:D201,Sales!B2:B201="North"))) | C16: {=ROWS(_xlfn.UNIQUE(_xlfn._xlws.FILTER(Sales!D2:D201,Sales!B2:B201="North")))} -> 2
A17: Distinct customers overall (SUMPRODUCT, any version) | B17: =SUMPRODUCT(1/COUNTIF(Sales!D2:D201,Sales!D2:D201)) | C17: {=SUMPRODUCT(1/COUNTIF(Sales!D2:D201,Sales!D2:D201))} -> 8
A18: Distinct products in South (SUMPRODUCT+COUNTIFS) | B18: =SUMPRODUCT((Sales!B2:B201="South")/COUNTIFS(Sales!E2:E201,Sales!E2:E201,Sales!B2:B201,Sales!B2:B201)) | C18: {=SUMPRODUCT((Sales!B2:B201="South")/COUNTIFS(Sales!E2:E201,Sales!E2:E201,Sales!B2:B201,Sales!B2:B201))} -> 2
A19: FY start year for 15-Feb-2027 | B19: =YEAR(DATE(2027,2,15))-(MONTH(DATE(2027,2,15))<4) | C19: =YEAR(DATE(2027,2,15))-(MONTH(DATE(2027,2,15))<4) -> 2026
A20: FY label like FY 2026-27 for 15-Feb-2027 | B20: ="FY "&YEAR(EDATE(DATE(2027,2,15),-3))&"-"&RIGHT(YEAR(EDATE(DATE(2027,2,15),-3))+1,2) | C20: ="FY "&YEAR(EDATE(DATE(2027,2,15),-3))&"-"&RIGHT(YEAR(EDATE(DATE(2027,2,15),-3))+1,2) -> FY 2026-27
A21: Fiscal quarter for 10-Nov-2026 | B21: ="Q"&ROUNDUP(MONTH(EDATE(DATE(2026,11,10),-3))/3,0) | C21: ="Q"&ROUNDUP(MONTH(EDATE(DATE(2026,11,10),-3))/3,0) -> Q3
A22: Fiscal month number for January (April = 1) | B22: =MOD(1-4,12)+1 | C22: =MOD(1-4,12)+1 -> 10
A23: Completed years from 10-Oct-1990 to 9-Oct-2026 | B23: =DATEDIF(DATE(1990,10,10),DATE(2026,10,9),"y") | C23: =DATEDIF(DATE(1990,10,10),DATE(2026,10,9),"y") -> 35
A24: Months after whole years, 15-Jan-2020 to 3-Oct-2026 | B24: =DATEDIF(DATE(2020,1,15),DATE(2026,10,3),"ym") | C24: =DATEDIF(DATE(2020,1,15),DATE(2026,10,3),"ym") -> 8
A25: Decimal years 1-Apr-2020 to 1-Oct-2026 (2 dp) | B25: =ROUND(YEARFRAC(DATE(2020,4,1),DATE(2026,10,1),1),2) | C25: =ROUND(YEARFRAC(DATE(2020,4,1),DATE(2026,10,1),1),2) -> 6.5
A26: Digits only from 'INV-2026-0045' (as text) | B26: =TEXTJOIN("",TRUE,IFERROR(--MID("INV-2026-0045",SEQUENCE(LEN("INV-2026-0045")),1),"")) | C26: {=_xlfn.TEXTJOIN("",TRUE,IFERROR(--MID("INV-2026-0045",_xlfn.SEQUENCE(LEN("INV-2026-0045")),1),""))} -> 20260045
A27: Amount from 'Paid Rs 12,500 via UPI' as a number | B27: =--SUBSTITUTE(TEXTBEFORE(TEXTAFTER("Paid Rs 12,500 via UPI","Rs ")," "),",","") | C27: =--SUBSTITUTE(_xlfn.TEXTBEFORE(_xlfn.TEXTAFTER("Paid Rs 12,500 via UPI","Rs ")," "),",","") -> 12500
A28: Last part of 'INV-2026-0045' after the final dash | B28: =TEXTAFTER("INV-2026-0045","-",-1) | C28: =_xlfn.TEXTAFTER("INV-2026-0045","-",-1) -> 0045
A29: Amount of the first customer containing 'Paper' (XLOOKUP wildcard) | B29: =XLOOKUP("*Paper*",Sales!D2:D201,Sales!I2:I201,"Not found",2) | C29: =_xlfn.XLOOKUP("*Paper*",Sales!D2:D201,Sales!I2:I201,"Not found",2) -> 27990
A30: Orders from customers containing 'Traders' | B30: =COUNTIF(Sales!D2:D201,"*Traders*") | C30: =COUNTIF(Sales!D2:D201,"*Traders*") -> 25
A31: Total for customers starting with 'K' | B31: =SUMIFS(Sales!I2:I201,Sales!D2:D201,"K*") | C31: =SUMIFS(Sales!I2:I201,Sales!D2:D201,"K*") -> 2403654
A32: Orders with a GSTIN from state 27 | B32: =SUMPRODUCT(--(LEFT(Sales!K2:K201,2)="27")) | C32: {=SUMPRODUCT(--(LEFT(Sales!K2:K201,2)="27"))} -> 34
A33: Total sales in May 2026 (SUMIFS + EOMONTH) | B33: =SUMIFS(Sales!I2:I201,Sales!A2:A201,">="&DATE(2026,5,1),Sales!A2:A201,"<="&EOMONTH(DATE(2026,5,1),0)) | C33: =SUMIFS(Sales!I2:I201,Sales!A2:A201,">="&DATE(2026,5,1),Sales!A2:A201,"<="&EOMONTH(DATE(2026,5,1),0)) -> 1001213
A34: Orders in June 2026 | B34: =COUNTIFS(Sales!A2:A201,">="&DATE(2026,6,1),Sales!A2:A201,"<="&EOMONTH(DATE(2026,6,1),0)) | C34: =COUNTIFS(Sales!A2:A201,">="&DATE(2026,6,1),Sales!A2:A201,"<="&EOMONTH(DATE(2026,6,1),0)) -> 30
A35: North sales in July 2026 | B35: =SUMIFS(Sales!I2:I201,Sales!A2:A201,">="&DATE(2026,7,1),Sales!A2:A201,"<="&EOMONTH(DATE(2026,7,1),0),Sales!B2:B201,"North") | C35: =SUMIFS(Sales!I2:I201,Sales!A2:A201,">="&DATE(2026,7,1),Sales!A2:A201,"<="&EOMONTH(DATE(2026,7,1),0),Sales!B2:B201,"North") -> 93655
A36: Customers in Sales!D also present in the Products list? (count of Products in Sales!E) | B36: =SUMPRODUCT(--(COUNTIF(Sales!E2:E201,Products!A2:A9)>0)) | C36: {=SUMPRODUCT(--(COUNTIF(Sales!E2:E201,Products!A2:A9)>0))} -> 8
A37: Products in the Products list with no sales | B37: =SUMPRODUCT(--(COUNTIF(Sales!E2:E201,Products!A2:A9)=0)) | C37: {=SUMPRODUCT(--(COUNTIF(Sales!E2:E201,Products!A2:A9)=0))} -> 0
A38: Latest order date for Raj Traders (MAXIFS) | B38: =MAXIFS(Sales!A2:A201,Sales!D2:D201,"Raj Traders") | C38: =_xlfn.MAXIFS(Sales!A2:A201,Sales!D2:D201,"Raj Traders") -> 46281
A39: Amount of the last Raj Traders row (search from end) | B39: =XLOOKUP("Raj Traders",Sales!D2:D201,Sales!I2:I201,"None",0,-1) | C39: =_xlfn.XLOOKUP("Raj Traders",Sales!D2:D201,Sales!I2:I201,"None",0,-1) -> 1299
A40: First name from ' asha sharma' (trimmed, proper) | B40: =PROPER(TEXTBEFORE(TRIM(" asha sharma")," ")) | C40: =PROPER(_xlfn.TEXTBEFORE(TRIM(" asha sharma")," ")) -> Asha
A41: Last name from 'Asha Kumari Sharma' | B41: =TEXTAFTER("Asha Kumari Sharma"," ",-1) | C41: =_xlfn.TEXTAFTER("Asha Kumari Sharma"," ",-1) -> Sharma
A42: Weighted average price by qty (2 dp) | B42: =ROUND(SUMPRODUCT(Sales!H2:H201,Sales!G2:G201)/SUM(Sales!G2:G201),2) | C42: =ROUND(SUMPRODUCT(Sales!H2:H201,Sales!G2:G201)/SUM(Sales!G2:G201),2) -> 3298.54
A43: North's share of total sales (4 dp) | B43: =ROUND(SUMIFS(Sales!I2:I201,Sales!B2:B201,"North")/SUM(Sales!I2:I201),4) | C43: =ROUND(SUMIFS(Sales!I2:I201,Sales!B2:B201,"North")/SUM(Sales!I2:I201),4) -> 0.1391
A44: % change from 200000 to 230000 | B44: =230000/200000-1 | C44: =230000/200000-1 -> 0.15
A45: Days overdue on 31-Oct-2026 for due date M2 (0 if not due) | B45: =MAX(0,DATE(2026,10,31)-Sales!M2) | C45: =MAX(0,DATE(2026,10,31)-Sales!M2) -> 183
A46: Ageing bucket for 45 days | B46: =IFS(45=0,"Not due",45<=30,"0-30",45<=60,"31-60",45<=90,"61-90",TRUE,"90+") | C46: {=_xlfn.IFS(45=0,"Not due",45<=30,"0-30",45<=60,"31-60",45<=90,"61-90",TRUE,"90+")} -> 31-60
A47: Sales in the 7 days ending 30-Jun-2026 | B47: =SUMIFS(Sales!I2:I201,Sales!A2:A201,">="&DATE(2026,6,30)-6,Sales!A2:A201,"<="&DATE(2026,6,30)) | C47: =SUMIFS(Sales!I2:I201,Sales!A2:A201,">="&DATE(2026,6,30)-6,Sales!A2:A201,"<="&DATE(2026,6,30)) -> 216928
A48: Customers that appear more than once (count of repeating names) | B48: =ROWS(UNIQUE(FILTER(Sales!D2:D201,COUNTIF(Sales!D2:D201,Sales!D2:D201)>1))) | C48: {=ROWS(_xlfn.UNIQUE(_xlfn._xlws.FILTER(Sales!D2:D201,COUNTIF(Sales!D2:D201,Sales!D2:D201)>1)))} -> 8
A49: Repeat orders flagged (rows that are 2nd+ occurrence of customer+product) | B49: =SUMPRODUCT(--(COUNTIFS(Sales!D2:D201,Sales!D2:D201,Sales!E2:E201,Sales!E2:E201)>1)) | C49: {=SUMPRODUCT(--(COUNTIFS(Sales!D2:D201,Sales!D2:D201,Sales!E2:E201,Sales!E2:E201)>1))} -> 200
A50: 7 working days after 3-Oct-2026 (Mon–Fri) | B50: =WORKDAY(DATE(2026,10,3),7) | C50: =WORKDAY(DATE(2026,10,3),7) -> 46308
A51: Working days in Oct 2026, Sunday-only weekend | B51: =NETWORKDAYS.INTL(DATE(2026,10,1),EOMONTH(DATE(2026,10,1),0),11) | C51: =NETWORKDAYS.INTL(DATE(2026,10,1),EOMONTH(DATE(2026,10,1),0),11) -> 27

Sheet Sales
A1: Date | B1: Region | C1: Rep | D1: Customer | E1: Product | F1: Category | G1: Qty | H1: Price | I1: Amount | J1: Email | K1: GSTIN | L1: Status | M1: Due | N1: Notes | O1: Name (messy) | P1: Time
A2: 46113 | B2: North | C2: Asha | D2: Raj Traders | E2: Keyboard | F2: Accessories | G2: 1 | H2: 1299 | I2: 1299 | J2: asha@raj.in | K2: 07AAACR1000A1Z0 | L2: Pending | M2: 46143 | N2: check | O2: asha sharma | P2: 0.375
A3: 46116 | B3: South | C3: Ravi | D3: Sai Electricals | E3: Mouse | F3: Accessories | G3: 8 | H3: 599 | I3: 4792 | J3: ravi@sai.in | K3: 27AAACR1001A1Z1 | L3: Paid | M3: 46146 | O3: RAVI kumar | P3: 0.42152778
A4: 46119 | B4: East | C4: Meena | D4: Kapoor & Sons | E4: Monitor | F4: Displays | G4: 3 | H4: 11499 | I4: 34497 | J4: meena@kapoor.in | K4: 29AAACR1002A1Z2 | L4: Paid | M4: 46149 | O4: meena iyer | P4: 0.46805556
A5: 46122 | B5: West | C5: John | D5: Mehta Paper | E5: Webcam | F5: Video | G5: 10 | H5: 2799 | I5: 27990 | J5: john@mehta.in | K5: 33AAACR1003A1Z3 | L5: Pending | M5: 46152 | O5: john d'souza | P5: 0.51458333
A6: 46125 | B6: North | C6: Sara | D6: Iyer Stores | E6: Headset | F6: Audio | G6: 5 | H6: 3499 | I6: 17495 | J6: sara@iyer.in | K6: 09AAACR1004A1Z4 | L6: Paid | M6: 46155 | N6: check | O6: SARA KHAN | P6: 0.56111111
A7: 46128 | B7: South | C7: Asha | D7: Gupta Retail | E7: USB Hub | F7: Accessories | G7: 12 | H7: 2199 | I7: 26388 | J7: asha@gupta.in | K7: 24AAACR1005A1Z5 | L7: Paid | M7: 46158 | O7: asha sharma | P7: 0.60763889
A8: 46131 | B8: East | C8: Ravi | D8: Khan Mart | E8: Speaker | F8: Audio | G8: 7 | H8: 2499 | I8: 17493 | J8: ravi@khan.in | K8: 07AAACR1006A1Z6 | L8: Pending | M8: 46161 | O8: RAVI kumar | P8: 0.65416667
A9: 46134 | B9: West | C9: Meena | D9: Das Bros | E9: Laptop Stand | F9: Accessories | G9: 2 | H9: 1899 | I9: 3798 | J9: meena@das.in | K9: 27AAACR1007A1Z7 | L9: Paid | M9: 46164 | O9: meena iyer | P9: 0.70069444
A10: 46137 | B10: North | C10: John | D10: Raj Traders | E10: Keyboard | F10: Accessories | G10: 9 | H10: 1299 | I10: 11691 | J10: john@raj.in | K10: 29AAACR1008A1Z8 | L10: Paid | M10: 46167 | N10: check | O10: john d'souza | P10: 0.74722222
A11: 46140 | B11: South | C11: Sara | D11: Sai Electricals | E11: Mouse | F11: Accessories | G11: 4 | H11: 599 | I11: 2396 | J11: sara@sai.in | K11: 33AAACR1009A1Z9 | L11: Pending | M11: 46170 | O11: SARA KHAN | P11: 0.37708333
A12: 46143 | B12: East | C12: Asha | D12: Kapoor & Sons | E12: Monitor | F12: Displays | G12: 11 | H12: 11499 | I12: 126489 | J12: asha@kapoor.in | K12: 09AAACR1010A1Z0 | L12: Paid | M12: 46173 | O12: asha sharma | P12: 0.42361111
A13: 46146 | B13: West | C13: Ravi | D13: Mehta Paper | E13: Webcam | F13: Video | G13: 6 | H13: 2799 | I13: 16794 | J13: ravi@mehta.in | K13: 24AAACR1011A1Z1 | L13: Paid | M13: 46176 | O13: RAVI kumar | P13: 0.47013889
A14: 46149 | B14: North | C14: Meena | D14: Iyer Stores | E14: Headset | F14: Audio | G14: 1 | H14: 3499 | I14: 3499 | J14: meena@iyer.in | K14: 07AAACR1012A1Z2 | L14: Pending | M14: 46179 | N14: check | O14: meena iyer | P14: 0.51666667
A15: 46152 | B15: South | C15: John | D15: Gupta Retail | E15: USB Hub | F15: Accessories | G15: 8 | H15: 2199 | I15: 17592 | J15: john@gupta.in | K15: 27AAACR1013A1Z3 | L15: Paid | M15: 46182 | O15: john d'souza | P15: 0.56319444
A16: 46155 | B16: East | C16: Sara | D16: Khan Mart | E16: Speaker | F16: Audio | G16: 3 | H16: 2499 | I16: 7497 | J16: sara@khan.in | K16: 29AAACR1014A1Z4 | L16: Paid | M16: 46185 | O16: SARA KHAN | P16: 0.60972222
A17: 46158 | B17: West | C17: Asha | D17: Das Bros | E17: Laptop Stand | F17: Accessories | G17: 10 | H17: 1899 | I17: 18990 | J17: asha@das.in | K17: 33AAACR1015A1Z5 | L17: Pending | M17: 46188 | O17: asha sharma | P17: 0.65625
A18: 46161 | B18: North | C18: Ravi | D18: Raj Traders | E18: Keyboard | F18: Accessories | G18: 5 | H18: 1299 | I18: 6495 | J18: ravi@raj.in | K18: 09AAACR1016A1Z6 | L18: Paid | M18: 46191 | N18: check | O18: RAVI kumar | P18: 0.70277778
A19: 46164 | B19: South | C19: Meena | D19: Sai Electricals | E19: Mouse | F19: Accessories | G19: 12 | H19: 599 | I19: 7188 | J19: meena@sai.in | K19: 24AAACR1017A1Z7 | L19: Paid | M19: 46194 | O19: meena iyer | P19: 0.74930556
A20: 46167 | B20: East | C20: John | D20: Kapoor & Sons | E20: Monitor | F20: Displays | G20: 7 | H20: 11499 | I20: 80493 | J20: john@kapoor.in | K20: 07AAACR1018A1Z8 | L20: Pending | M20: 46197 | O20: john d'souza | P20: 0.37916667
A21: 46170 | B21: West | C21: Sara | D21: Mehta Paper | E21: Webcam | F21: Video | G21: 2 | H21: 2799 | I21: 5598 | J21: sara@mehta.in | K21: 27AAACR1019A1Z9 | L21: Paid | M21: 46200 | O21: SARA KHAN | P21: 0.42569444
A22: 46173 | B22: North | C22: Asha | D22: Iyer Stores | E22: Headset | F22: Audio | G22: 9 | H22: 3499 | I22: 31491 | J22: asha@iyer.in | K22: 29AAACR1020A1Z0 | L22: Paid | M22: 46203 | N22: check | O22: asha sharma | P22: 0.47222222
A23: 46176 | B23: South | C23: Ravi | D23: Gupta Retail | E23: USB Hub | F23: Accessories | G23: 4 | H23: 2199 | I23: 8796 | J23: ravi@gupta.in | K23: 33AAACR1021A1Z1 | L23: Pending | M23: 46206 | O23: RAVI kumar | P23: 0.51875
A24: 46179 | B24: East | C24: Meena | D24: Khan Mart | E24: Speaker | F24: Audio | G24: 11 | H24: 2499 | I24: 27489 | J24: meena@khan.in | K24: 09AAACR1022A1Z2 | L24: Paid | M24: 46209 | O24: meena iyer | P24: 0.56527778
A25: 46182 | B25: West | C25: John | D25: Das Bros | E25: Laptop Stand | F25: Accessories | G25: 6 | H25: 1899 | I25: 11394 | J25: john@das.in | K25: 24AAACR1023A1Z3 | L25: Paid | M25: 46212 | O25: john d'souza | P25: 0.61180556
A26: 46185 | B26: North | C26: Sara | D26: Raj Traders | E26: Keyboard | F26: Accessories | G26: 1 | H26: 1299 | I26: 1299 | J26: sara@raj.in | K26: 07AAACR1024A1Z4 | L26: Pending | M26: 46215 | N26: check | O26: SARA KHAN | P26: 0.65833333
A27: 46188 | B27: South | C27: Asha | D27: Sai Electricals | E27: Mouse | F27: Accessories | G27: 8 | H27: 599 | I27: 4792 | J27: asha@sai.in | K27: 27AAACR1025A1Z5 | L27: Paid | M27: 46218 | O27: asha sharma | P27: 0.70486111
A28: 46191 | B28: East | C28: Ravi | D28: Kapoor & Sons | E28: Monitor | F28: Displays | G28: 3 | H28: 11499 | I28: 34497 | J28: ravi@kapoor.in | K28: 29AAACR1026A1Z6 | L28: Paid | M28: 46221 | O28: RAVI kumar | P28: 0.70972222
A29: 46194 | B29: West | C29: Meena | D29: Mehta Paper | E29: Webcam | F29: Video | G29: 10 | H29: 2799 | I29: 27990 | J29: meena@mehta.in | K29: 33AAACR1027A1Z7 | L29: Pending | M29: 46224 | O29: meena iyer | P29: 0.38125
A30: 46197 | B30: North | C30: John | D30: Iyer Stores | E30: Headset | F30: Audio | G30: 5 | H30: 3499 | I30: 17495 | J30: john@iyer.in | K30: 09AAACR1028A1Z8 | L30: Paid | M30: 46227 | N30: check | O30: john d'souza | P30: 0.42777778
A31: 46200 | B31: South | C31: Sara | D31: Gupta Retail | E31: USB Hub | F31: Accessories | G31: 12 | H31: 2199 | I31: 26388 | J31: sara@gupta.in | K31: 24AAACR1029A1Z9 | L31: Paid | M31: 46230 | O31: SARA KHAN | P31: 0.47430556
A32: 46203 | B32: East | C32: Asha | D32: Khan Mart | E32: Speaker | F32: Audio | G32: 7 | H32: 2499 | I32: 17493 | J32: asha@khan.in | K32: 07AAACR1030A1Z0 | L32: Pending | M32: 46233 | O32: asha sharma | P32: 0.52083333
A33: 46206 | B33: West | C33: Ravi | D33: Das Bros | E33: Laptop Stand | F33: Accessories | G33: 2 | H33: 1899 | I33: 3798 | J33: ravi@das.in | K33: 27AAACR1031A1Z1 | L33: Paid | M33: 46236 | O33: RAVI kumar | P33: 0.56736111
A34: 46209 | B34: North | C34: Meena | D34: Raj Traders | E34: Keyboard | F34: Accessories | G34: 9 | H34: 1299 | I34: 11691 | J34: meena@raj.in | K34: 29AAACR1032A1Z2 | L34: Paid | M34: 46239 | N34: check | O34: meena iyer | P34: 0.61388889
A35: 46212 | B35: South | C35: John | D35: Sai Electricals | E35: Mouse | F35: Accessories | G35: 4 | H35: 599 | I35: 2396 | J35: john@sai.in | K35: 33AAACR1033A1Z3 | L35: Pending | M35: 46242 | O35: john d'souza | P35: 0.66041667
A36: 46215 | B36: East | C36: Sara | D36: Kapoor & Sons | E36: Monitor | F36: Displays | G36: 11 | H36: 11499 | I36: 126489 | J36: sara@kapoor.in | K36: 09AAACR1034A1Z4 | L36: Paid | M36: 46245 | O36: SARA KHAN | P36: 0.70694444
A37: 46218 | B37: West | C37: Asha | D37: Mehta Paper | E37: Webcam | F37: Video | G37: 6 | H37: 2799 | I37: 16794 | J37: asha@mehta.in | K37: 24AAACR1035A1Z5 | L37: Paid | M37: 46248 | O37: asha sharma | P37: 0.71180556
A38: 46221 | B38: North | C38: Ravi | D38: Iyer Stores | E38: Headset | F38: Audio | G38: 1 | H38: 3499 | I38: 3499 | J38: ravi@iyer.in | K38: 07AAACR1036A1Z6 | L38: Pending | M38: 46251 | N38: check | O38: RAVI kumar | P38: 0.38333333
A39: 46224 | B39: South | C39: Meena | D39: Gupta Retail | E39: USB Hub | F39: Accessories | G39: 8 | H39: 2199 | I39: 17592 | J39: meena@gupta.in | K39: 27AAACR1037A1Z7 | L39: Paid | M39: 46254 | O39: meena iyer | P39: 0.42986111
A40: 46227 | B40: East | C40: John | D40: Khan Mart | E40: Speaker | F40: Audio | G40: 3 | H40: 2499 | I40: 7497 | J40: john@khan.in | K40: 29AAACR1038A1Z8 | L40: Paid | M40: 46257 | O40: john d'souza | P40: 0.47638889
A41: 46230 | B41: West | C41: Sara | D41: Das Bros | E41: Laptop Stand | F41: Accessories | G41: 10 | H41: 1899 | I41: 18990 | J41: sara@das.in | K41: 33AAACR1039A1Z9 | L41: Pending | M41: 46260 | O41: SARA KHAN | P41: 0.52291667
A42: 46233 | B42: North | C42: Asha | D42: Raj Traders | E42: Keyboard | F42: Accessories | G42: 5 | H42: 1299 | I42: 6495 | J42: asha@raj.in | K42: 09AAACR1040A1Z0 | L42: Paid | M42: 46263 | N42: check | O42: asha sharma | P42: 0.56944444
A43: 46236 | B43: South | C43: Ravi | D43: Sai Electricals | E43: Mouse | F43: Accessories | G43: 12 | H43: 599 | I43: 7188 | J43: ravi@sai.in | K43: 24AAACR1041A1Z1 | L43: Paid | M43: 46266 | O43: RAVI kumar | P43: 0.61597222
A44: 46239 | B44: East | C44: Meena | D44: Kapoor & Sons | E44: Monitor | F44: Displays | G44: 7 | H44: 11499 | I44: 80493 | J44: meena@kapoor.in | K44: 07AAACR1042A1Z2 | L44: Pending | M44: 46269 | O44: meena iyer | P44: 0.6625
A45: 46242 | B45: West | C45: John | D45: Mehta Paper | E45: Webcam | F45: Video | G45: 2 | H45: 2799 | I45: 5598 | J45: john@mehta.in | K45: 27AAACR1043A1Z3 | L45: Paid | M45: 46272 | O45: john d'souza | P45: 0.66736111
A46: 46245 | B46: North | C46: Sara | D46: Iyer Stores | E46: Headset | F46: Audio | G46: 9 | H46: 3499 | I46: 31491 | J46: sara@iyer.in | K46: 29AAACR1044A1Z4 | L46: Paid | M46: 46275 | N46: check | O46: SARA KHAN | P46: 0.71388889
A47: 46248 | B47: South | C47: Asha | D47: Gupta Retail | E47: USB Hub | F47: Accessories | G47: 4 | H47: 2199 | I47: 8796 | J47: asha@gupta.in | K47: 33AAACR1045A1Z5 | L47: Pending | M47: 46278 | O47: asha sharma | P47: 0.38541667
A48: 46251 | B48: East | C48: Ravi | D48: Khan Mart | E48: Speaker | F48: Audio | G48: 11 | H48: 2499 | I48: 27489 | J48: ravi@khan.in | K48: 09AAACR1046A1Z6 | L48: Paid | M48: 46281 | O48: RAVI kumar | P48: 0.43194444
A49: 46254 | B49: West | C49: Meena | D49: Das Bros | E49: Laptop Stand | F49: Accessories | G49: 6 | H49: 1899 | I49: 11394 | J49: meena@das.in | K49: 24AAACR1047A1Z7 | L49: Paid | M49: 46284 | O49: meena iyer | P49: 0.47847222
A50: 46257 | B50: North | C50: John | D50: Raj Traders | E50: Keyboard | F50: Accessories | G50: 1 | H50: 1299 | I50: 1299 | J50: john@raj.in | K50: 07AAACR1048A1Z8 | L50: Pending | M50: 46287 | N50: check | O50: john d'souza | P50: 0.525
A51: 46260 | B51: South | C51: Sara | D51: Sai Electricals | E51: Mouse | F51: Accessories | G51: 8 | H51: 599 | I51: 4792 | J51: sara@sai.in | K51: 27AAACR1049A1Z9 | L51: Paid | M51: 46290 | O51: SARA KHAN | P51: 0.57152778
A52: 46263 | B52: East | C52: Asha | D52: Kapoor & Sons | E52: Monitor | F52: Displays | G52: 3 | H52: 11499 | I52: 34497 | J52: asha@kapoor.in | K52: 29AAACR1050A1Z0 | L52: Paid | M52: 46293 | O52: asha sharma | P52: 0.61805556
A53: 46266 | B53: West | C53: Ravi | D53: Mehta Paper | E53: Webcam | F53: Video | G53: 10 | H53: 2799 | I53: 27990 | J53: ravi@mehta.in | K53: 33AAACR1051A1Z1 | L53: Pending | M53: 46296 | O53: RAVI kumar | P53: 0.66458333
A54: 46269 | B54: North | C54: Meena | D54: Iyer Stores | E54: Headset | F54: Audio | G54: 5 | H54: 3499 | I54: 17495 | J54: meena@iyer.in | K54: 09AAACR1052A1Z2 | L54: Paid | M54: 46299 | N54: check | O54: meena iyer | P54: 0.66944444
A55: 46272 | B55: South | C55: John | D55: Gupta Retail | E55: USB Hub | F55: Accessories | G55: 12 | H55: 2199 | I55: 26388 | J55: john@gupta.in | K55: 24AAACR1053A1Z3 | L55: Paid | M55: 46302 | O55: john d'souza | P55: 0.71597222
A56: 46275 | B56: East | C56: Sara | D56: Khan Mart | E56: Speaker | F56: Audio | G56: 7 | H56: 2499 | I56: 17493 | J56: sara@khan.in | K56: 07AAACR1054A1Z4 | L56: Pending | M56: 46305 | O56: SARA KHAN | P56: 0.3875
A57: 46278 | B57: West | C57: Asha | D57: Das Bros | E57: Laptop Stand | F57: Accessories | G57: 2 | H57: 1899 | I57: 3798 | J57: asha@das.in | K57: 27AAACR1055A1Z5 | L57: Paid | M57: 46308 | O57: asha sharma | P57: 0.43402778
A58: 46281 | B58: North | C58: Ravi | D58: Raj Traders | E58: Keyboard | F58: Accessories | G58: 9 | H58: 1299 | I58: 11691 | J58: ravi@raj.in | K58: 29AAACR1056A1Z6 | L58: Paid | M58: 46311 | N58: check | O58: RAVI kumar | P58: 0.48055556
A59: 46284 | B59: South | C59: Meena | D59: Sai Electricals | E59: Mouse | F59: Accessories | G59: 4 | H59: 599 | I59: 2396 | J59: meena@sai.in | K59: 33AAACR1057A1Z7 | L59: Pending | M59: 46314 | O59: meena iyer | P59: 0.52708333
A60: 46287 | B60: East | C60: John | D60: Kapoor & Sons | E60: Monitor | F60: Displays | G60: 11 | H60: 11499 | I60: 126489 | J60: john@kapoor.in | K60: 09AAACR1058A1Z8 | L60: Paid | M60: 46317 | O60: john d'souza | P60: 0.57361111
A61: 46290 | B61: West | C61: Sara | D61: Mehta Paper | E61: Webcam | F61: Video | G61: 6 | H61: 2799 | I61: 16794 | J61: sara@mehta.in | K61: 24AAACR1059A1Z9 | L61: Paid | M61: 46320 | O61: SARA KHAN | P61: 0.62013889
A62: 46113 | B62: North | C62: Asha | D62: Iyer Stores | E62: Headset | F62: Audio | G62: 1 | H62: 3499 | I62: 3499 | J62: asha@iyer.in | K62: 07AAACR1060A1Z0 | L62: Pending | M62: 46143 | N62: check | O62: asha sharma | P62: 0.625
A63: 46116 | B63: South | C63: Ravi | D63: Gupta Retail | E63: USB Hub | F63: Accessories | G63: 8 | H63: 2199 | I63: 17592 | J63: ravi@gupta.in | K63: 27AAACR1061A1Z1 | L63: Paid | M63: 46146 | O63: RAVI kumar | P63: 0.67152778
A64: 46119 | B64: East | C64: Meena | D64: Khan Mart | E64: Speaker | F64: Audio | G64: 3 | H64: 2499 | I64: 7497 | J64: meena@khan.in | K64: 29AAACR1062A1Z2 | L64: Paid | M64: 46149 | O64: meena iyer | P64: 0.71805556
A65: 46122 | B65: West | C65: John | D65: Das Bros | E65: Laptop Stand | F65: Accessories | G65: 10 | H65: 1899 | I65: 18990 | J65: john@das.in | K65: 33AAACR1063A1Z3 | L65: Pending | M65: 46152 | O65: john d'souza | P65: 0.38958333
A66: 46125 | B66: North | C66: Sara | D66: Raj Traders | E66: Keyboard | F66: Accessories | G66: 5 | H66: 1299 | I66: 6495 | J66: sara@raj.in | K66: 09AAACR1064A1Z4 | L66: Paid | M66: 46155 | N66: check | O66: SARA KHAN | P66: 0.43611111
A67: 46128 | B67: South | C67: Asha | D67: Sai Electricals | E67: Mouse | F67: Accessories | G67: 12 | H67: 599 | I67: 7188 | J67: asha@sai.in | K67: 24AAACR1065A1Z5 | L67: Paid | M67: 46158 | O67: asha sharma | P67: 0.48263889
A68: 46131 | B68: East | C68: Ravi | D68: Kapoor & Sons | E68: Monitor | F68: Displays | G68: 7 | H68: 11499 | I68: 80493 | J68: ravi@kapoor.in | K68: 07AAACR1066A1Z6 | L68: Pending | M68: 46161 | O68: RAVI kumar | P68: 0.52916667
A69: 46134 | B69: West | C69: Meena | D69: Mehta Paper | E69: Webcam | F69: Video | G69: 2 | H69: 2799 | I69: 5598 | J69: meena@mehta.in | K69: 27AAACR1067A1Z7 | L69: Paid | M69: 46164 | O69: meena iyer | P69: 0.57569444
A70: 46137 | B70: North | C70: John | D70: Iyer Stores | E70: Headset | F70: Audio | G70: 9 | H70: 3499 | I70: 31491 | J70: john@iyer.in | K70: 29AAACR1068A1Z8 | L70: Paid | M70: 46167 | N70: check | O70: john d'souza | P70: 0.62222222
A71: 46140 | B71: South | C71: Sara | D71: Gupta Retail | E71: USB Hub | F71: Accessories | G71: 4 | H71: 2199 | I71: 8796 | J71: sara@gupta.in | K71: 33AAACR1069A1Z9 | L71: Pending | M71: 46170 | O71: SARA KHAN | P71: 0.62708333
A72: 46143 | B72: East | C72: Asha | D72: Khan Mart | E72: Speaker | F72: Audio | G72: 11 | H72: 2499 | I72: 27489 | J72: asha@khan.in | K72: 09AAACR1070A1Z0 | L72: Paid | M72: 46173 | O72: asha sharma | P72: 0.67361111
A73: 46146 | B73: West | C73: Ravi | D73: Das Bros | E73: Laptop Stand | F73: Accessories | G73: 6 | H73: 1899 | I73: 11394 | J73: ravi@das.in | K73: 24AAACR1071A1Z1 | L73: Paid | M73: 46176 | O73: RAVI kumar | P73: 0.72013889
A74: 46149 | B74: North | C74: Meena | D74: Raj Traders | E74: Keyboard | F74: Accessories | G74: 1 | H74: 1299 | I74: 1299 | J74: meena@raj.in | K74: 07AAACR1072A1Z2 | L74: Pending | M74: 46179 | N74: check | O74: meena iyer | P74: 0.39166667
A75: 46152 | B75: South | C75: John | D75: Sai Electricals | E75: Mouse | F75: Accessories | G75: 8 | H75: 599 | I75: 4792 | J75: john@sai.in | K75: 27AAACR1073A1Z3 | L75: Paid | M75: 46182 | O75: john d'souza | P75: 0.43819444
A76: 46155 | B76: East | C76: Sara | D76: Kapoor & Sons | E76: Monitor | F76: Displays | G76: 3 | H76: 11499 | I76: 34497 | J76: sara@kapoor.in | K76: 29AAACR1074A1Z4 | L76: Paid | M76: 46185 | O76: SARA KHAN | P76: 0.48472222
A77: 46158 | B77: West | C77: Asha | D77: Mehta Paper | E77: Webcam | F77: Video | G77: 10 | H77: 2799 | I77: 27990 | J77: asha@mehta.in | K77: 33AAACR1075A1Z5 | L77: Pending | M77: 46188 | O77: asha sharma | P77: 0.53125
A78: 46161 | B78: North | C78: Ravi | D78: Iyer Stores | E78: Headset | F78: Audio | G78: 5 | H78: 3499 | I78: 17495 | J78: ravi@iyer.in | K78: 09AAACR1076A1Z6 | L78: Paid | M78: 46191 | N78: check | O78: RAVI kumar | P78: 0.57777778
A79: 46164 | B79: South | C79: Meena | D79: Gupta Retail | E79: USB Hub | F79: Accessories | G79: 12 | H79: 2199 | I79: 26388 | J79: meena@gupta.in | K79: 24AAACR1077A1Z7 | L79: Paid | M79: 46194 | O79: meena iyer | P79: 0.62430556
A80: 46167 | B80: East | C80: John | D80: Khan Mart | E80: Speaker | F80: Audio | G80: 7 | H80: 2499 | I80: 17493 | J80: john@khan.in | K80: 07AAACR1078A1Z8 | L80: Pending | M80: 46197 | O80: john d'souza | P80: 0.62916667
A81: 46170 | B81: West | C81: Sara | D81: Das Bros | E81: Laptop Stand | F81: Accessories | G81: 2 | H81: 1899 | I81: 3798 | J81: sara@das.in | K81: 27AAACR1079A1Z9 | L81: Paid | M81: 46200 | O81: SARA KHAN | P81: 0.67569444
A82: 46173 | B82: North | C82: Asha | D82: Raj Traders | E82: Keyboard | F82: Accessories | G82: 9 | H82: 1299 | I82: 11691 | J82: asha@raj.in | K82: 29AAACR1080A1Z0 | L82: Paid | M82: 46203 | N82: check | O82: asha sharma | P82: 0.72222222
A83: 46176 | B83: South | C83: Ravi | D83: Sai Electricals | E83: Mouse | F83: Accessories | G83: 4 | H83: 599 | I83: 2396 | J83: ravi@sai.in | K83: 33AAACR1081A1Z1 | L83: Pending | M83: 46206 | O83: RAVI kumar | P83: 0.39375
A84: 46179 | B84: East | C84: Meena | D84: Kapoor & Sons | E84: Monitor | F84: Displays | G84: 11 | H84: 11499 | I84: 126489 | J84: meena@kapoor.in | K84: 09AAACR1082A1Z2 | L84: Paid | M84: 46209 | O84: meena iyer | P84: 0.44027778
A85: 46182 | B85: West | C85: John | D85: Mehta Paper | E85: Webcam | F85: Video | G85: 6 | H85: 2799 | I85: 16794 | J85: john@mehta.in | K85: 24AAACR1083A1Z3 | L85: Paid | M85: 46212 | O85: john d'souza | P85: 0.48680556
A86: 46185 | B86: North | C86: Sara | D86: Iyer Stores | E86: Headset | F86: Audio | G86: 1 | H86: 3499 | I86: 3499 | J86: sara@iyer.in | K86: 07AAACR1084A1Z4 | L86: Pending | M86: 46215 | N86: check | O86: SARA KHAN | P86: 0.53333333
A87: 46188 | B87: South | C87: Asha | D87: Gupta Retail | E87: USB Hub | F87: Accessories | G87: 8 | H87: 2199 | I87: 17592 | J87: asha@gupta.in | K87: 27AAACR1085A1Z5 | L87: Paid | M87: 46218 | O87: asha sharma | P87: 0.57986111
A88: 46191 | B88: East | C88: Ravi | D88: Khan Mart | E88: Speaker | F88: Audio | G88: 3 | H88: 2499 | I88: 7497 | J88: ravi@khan.in | K88: 29AAACR1086A1Z6 | L88: Paid | M88: 46221 | O88: RAVI kumar | P88: 0.58472222
A89: 46194 | B89: West | C89: Meena | D89: Das Bros | E89: Laptop Stand | F89: Accessories | G89: 10 | H89: 1899 | I89: 18990 | J89: meena@das.in | K89: 33AAACR1087A1Z7 | L89: Pending | M89: 46224 | O89: meena iyer | P89: 0.63125
A90: 46197 | B90: North | C90: John | D90: Raj Traders | E90: Keyboard | F90: Accessories | G90: 5 | H90: 1299 | I90: 6495 | J90: john@raj.in | K90: 09AAACR1088A1Z8 | L90: Paid | M90: 46227 | N90: check | O90: john d'souza | P90: 0.67777778
A91: 46200 | B91: South | C91: Sara | D91: Sai Electricals | E91: Mouse | F91: Accessories | G91: 12 | H91: 599 | I91: 7188 | J91: sara@sai.in | K91: 24AAACR1089A1Z9 | L91: Paid | M91: 46230 | O91: SARA KHAN | P91: 0.72430556
A92: 46203 | B92: East | C92: Asha | D92: Kapoor & Sons | E92: Monitor | F92: Displays | G92: 7 | H92: 11499 | I92: 80493 | J92: asha@kapoor.in | K92: 07AAACR1090A1Z0 | L92: Pending | M92: 46233 | O92: asha sharma | P92: 0.39583333
A93: 46206 | B93: West | C93: Ravi | D93: Mehta Paper | E93: Webcam | F93: Video | G93: 2 | H93: 2799 | I93: 5598 | J93: ravi@mehta.in | K93: 27AAACR1091A1Z1 | L93: Paid | M93: 46236 | O93: RAVI kumar | P93: 0.44236111
A94: 46209 | B94: North | C94: Meena | D94: Iyer Stores | E94: Headset | F94: Audio | G94: 9 | H94: 3499 | I94: 31491 | J94: meena@iyer.in | K94: 29AAACR1092A1Z2 | L94: Paid | M94: 46239 | N94: check | O94: meena iyer | P94: 0.48888889
A95: 46212 | B95: South | C95: John | D95: Gupta Retail | E95: USB Hub | F95: Accessories | G95: 4 | H95: 2199 | I95: 8796 | J95: john@gupta.in | K95: 33AAACR1093A1Z3 | L95: Pending | M95: 46242 | O95: john d'souza | P95: 0.53541667
A96: 46215 | B96: East | C96: Sara | D96: Khan Mart | E96: Speaker | F96: Audio | G96: 11 | H96: 2499 | I96: 27489 | J96: sara@khan.in | K96: 09AAACR1094A1Z4 | L96: Paid | M96: 46245 | O96: SARA KHAN | P96: 0.58194444
A97: 46218 | B97: West | C97: Asha | D97: Das Bros | E97: Laptop Stand | F97: Accessories | G97: 6 | H97: 1899 | I97: 11394 | J97: asha@das.in | K97: 24AAACR1095A1Z5 | L97: Paid | M97: 46248 | O97: asha sharma | P97: 0.58680556
A98: 46221 | B98: North | C98: Ravi | D98: Raj Traders | E98: Keyboard | F98: Accessories | G98: 1 | H98: 1299 | I98: 1299 | J98: ravi@raj.in | K98: 07AAACR1096A1Z6 | L98: Pending | M98: 46251 | N98: check | O98: RAVI kumar | P98: 0.63333333
A99: 46224 | B99: South | C99: Meena | D99: Sai Electricals | E99: Mouse | F99: Accessories | G99: 8 | H99: 599 | I99: 4792 | J99: meena@sai.in | K99: 27AAACR1097A1Z7 | L99: Paid | M99: 46254 | O99: meena iyer | P99: 0.67986111
A100: 46227 | B100: East | C100: John | D100: Kapoor & Sons | E100: Monitor | F100: Displays | G100: 3 | H100: 11499 | I100: 34497 | J100: john@kapoor.in | K100: 29AAACR1098A1Z8 | L100: Paid | M100: 46257 | O100: john d'souza | P100: 0.72638889
...

Sheet Products
A1: Product | B1: Category | C1: Price
A2: Keyboard | B2: Accessories | C2: 1299
A3: Mouse | B3: Accessories | C3: 599
A4: Monitor | B4: Displays | C4: 11499
A5: Webcam | B5: Video | C5: 2799
A6: Headset | B6: Audio | C6: 3499
A7: USB Hub | B7: Accessories | C7: 2199
A8: Speaker | B8: Audio | C8: 2499
A9: Laptop Stand | B9: Accessories | C9: 1899

Sheet Targets
A1: Region | B1: Apr | C1: May | D1: Jun | E1: Jul | F1: Aug | G1: Sep
A2: North | B2: 200000 | C2: 205000 | D2: 210000 | E2: 215000 | F2: 220000 | G2: 225000
A3: South | B3: 215000 | C3: 220000 | D3: 225000 | E3: 230000 | F3: 235000 | G3: 240000
A4: East | B4: 230000 | C4: 235000 | D4: 240000 | E4: 245000 | F4: 250000 | G4: 255000
A5: West | B5: 245000 | C5: 250000 | D5: 255000 | E5: 260000 | F5: 265000 | G5: 270000

Sheet Criteria
A1: Region | B1: Product
A2: North | B2: Monitor
A3: Region
A4: South

Sheet Cashflows
A1: Date | B1: Cash flow
A2: 46113 | B2: -500000
A3: 46296 | B3: 60000
A4: 46478 | B4: 150000
A5: 46661 | B5: 150000
A6: 46844 | B6: 260000
